 Dungeon Crawl Stone Soup version 0.30.1-4-g462c640d31 (webtiles) character file.

Game seed: 4041193942065552646

43 safid the Chiller (level 3, -5/27 HPs)
             Began as a Merfolk Ice Elementalist on Sept 5, 2023.
             Killed from afar by an orc wizard (7 damage)
             ... with a magic dart
             ... on level 3 of the Dungeon.
             The game lasted 00:03:35 (1697 turns).

safid the Chiller (Merfolk Ice Elementalist)        Turns: 1697, Time: 00:03:35

Health: -5/27      AC:  4    Str:  8    XL:     3   Next: 58%
Magic:  5/6        EV: 12    Int: 16    God:
Gold:   192        SH:  0    Dex: 14    Spells: 6/7 levels left

rFire   . . .        e - +0 dagger
rCold   . . .        (no shield)
rNeg    . . .        a - +0 robe
rPois   .            (no helmet)
rElec   .            g - +0 cloak
rCorr   .            s - +0 pair of gloves
SInv    .            (no boots)
Will    .....        (no amulet)
Stlth   ++           (no ring)
HPRegen 0.24/turn    (no ring)
MPRegen 0.10/turn

%: no passive effects
@: no status effects
A: (nimble swimmer 2), mertail
a: no special abilities


You were on level 3 of the Dungeon.
You visited 1 branch of the dungeon, and saw 3 of its levels.

You collected 192 gold pieces.

Inventory:

Hand Weapons
 e - a +0 dagger (weapon)
Armour
 a - a +0 robe (worn)
 g - a +0 cloak (worn)
 s - a +0 pair of gloves (worn)
Wands
 n - a wand of flame (20)
Scrolls
 c - a scroll of magic mapping {unknown}
 f - 2 scrolls of blinking {unknown}
 h - 2 scrolls of noise {unknown}
 i - 2 scrolls of amnesia {unknown}
 j - 2 scrolls of immolation {unknown}
 m - 2 scrolls of identify {unknown}
 p - 2 scrolls of teleportation {unknown}
 q - a scroll of vulnerability {unknown}
 t - a scroll of enchant weapon {unknown}
 u - a scroll of torment {unknown}
Potions
 b - a potion of magic
 d - a potion of haste {unknown}
 k - 3 potions of heal wounds {unknown}
 l - a potion of lignification {unknown}
 o - 2 potions of brilliance {unknown}
 r - 2 potions of degeneration {unknown}


   Skills:
 + Level 1.7 Fighting
 - Level 2.6 Dodging
 - Level 2.1 Stealth
 + Level 2.5 Spellcasting
 + Level 4.9 Ice Magic


You had 6 spell levels left.
You knew the following spells:

 Your Spells              Type           Power      Damage    Failure   Level
a - Freeze                Ice            68%        1d8       2%          1

Your spell library contained the following spells:

 Spells                   Type           Power      Damage    Failure   Level
 Frozen Ramparts          Ice            34%        1d6       8%          3
 Ozocubu's Armour         Ice            17%        N/A       8%          3
 Summon Ice Beast         Ice/Summ       9%         N/A       56%         4


Dungeon Overview and Level Annotations

Branches:
Dungeon (3/15)

Altars:
Hepliaklqana
Ru
Yredelemnul


Innate Abilities, Weirdness & Mutations

((You are very nimble when in or above water. (Stealth+, EV+, Speed+++)))
Your lower body shifts to a powerful aquatic tail in water.


Message History

The orc misses you. Something hits you but does no damage.
You hit the orc but do no damage. Something hits you but does no damage.
The orc barely misses you.
You hit the orc but do no damage. You closely miss something.
You hit something. Something hits you but does no damage.
You closely miss something. Something hits you but does no damage.
You completely miss something.
You hear some strange, mumbled words.
A magic dart appears from out of thin air!
The magic dart hits you!
You hit something but do no damage. Something hits you.
You closely miss something. Something hits you but does no damage.
You closely miss something. Something hits you but does no damage.
You hit something. Something completely misses you.
You closely miss something. Something hits you.
You miss something. Something hits you but does no damage.
You miss something. Something hits you.
You barely miss something. Something hits you.
You hit something. Something hits you.
* * * LOW HITPOINT WARNING * * *
You hit something. Something hits you.
* * * LOW HITPOINT WARNING * * *
You hit something. Something hits you but does no damage.
You hit something but do no damage. Something hits you.
* * * LOW HITPOINT WARNING * * *
Unknown command.
You barely miss something.
An orc wizard appears from thin air!
Reactivating autopickup.
The orc wizard barely misses you.
Casting: Freeze (safe; 2% risk of failure)
Confirm with . or Enter, or press ? or * to list all spells.
Aiming: Freeze (safe; 2% risk of failure)
Press: ? - help, Shift-Dir - straight line, f - orc wizard
Aim: an orc wizard, wielding a +0 dagger and wearing a +0 robe (severely wounded)
You freeze the orc wizard.
The orc wizard is almost dead.
The orc wizard casts a spell at you. The magic dart hits you!
You die...

###### ....# ♣♣
♣.#.# ♣. ♣.#.####
♣.♣♣♣...).o#
.♣.♣.♣.♣...####o#
.....o..._.# #@#
.♣.♣.♣.♣...# #.#
♣.♣♣♣.# #.# ♣.
♣.####.####### ♣♣
♣............#
####
....#########.#
#.<. ##### #.#
#.## #.#######.##
####.........##


You could see an orc wizard and an orc.

Vanquished Creatures
  An adder (D:3)
  A worm (D:3)
  An orc (D:3)
  3 ball pythons
  4 endoplasms
  2 giant cockroaches (D:2)
  3 goblins (D:1)
  3 hobgoblins (D:2)
  A quokka (D:1)
  3 bats
  2 frilled lizards (D:1)
  2 kobolds (D:1)
  A rat (D:1)
27 creatures vanquished.

Notes
Turn   | Place    | Note
-------+----------+-------------------------------------------
     0 | D:1      | safid the Merfolk Ice Elementalist began the quest for the
                  | Orb.
     0 | D:1      | Reached XP level 1. HP: 13/13 MP: 3/3
   197 | D:1      | Reached XP level 2. HP: 13/20 MP: 0/5
   299 | D:1      | Reached skill level 1 in Fighting
  1167 | D:2      | Reached XP level 3. HP: 22/26 MP: 3/6
  1202 | D:2      | Found a basalt altar of Yredelemnul.
  1405 | D:3      | Found a hazy altar of Hepliaklqana.
  1652 | D:3      | Found a sacrificial altar of Ru.
  1697 | D:3      | Killed from afar by an orc wizard

Illustrated notes

Levels and vault maps discovered:
D:1:      eino_arrival_cavern_b, layout_basic
D:2:      layout_basic, basic_altar
D:3:      layout_loops_ring, mainiacjoe_overflow_chevrons,
          mainiacjoe_overflow_large_starburst, cheibrodos_gnoll_hut

Skill      XL: |  1  2 |
---------------+-------+-----
Fighting       | 1 |  1.7
Dodging        | |  2.6
Stealth        | |  2.1
Spellcasting   | |  2.5
Ice Magic      | |  4.9

Action                     || total
---------------------------++-------
  Melee: Dagger            ||    38
         Unarmed           ||     1
         Punch             ||     1
   Cast: Freeze            ||    40
   Stab: Sleeping          ||     4
 Armour: Robe              ||    17
  Dodge: Dodged            ||    29
